Map: Coda LE (Void)

Players

Bop

  • Race: Protoss Protoss

Cereal - Winner!

  • Race: Zerg Zerg

VOD

Have the link to the VOD?

Description

Time

  • Played on: May 2, 2015, 8:16 p.m.
  • Length: 14:49
Show
View Real Time Build Order
Export as new Build Order

Bop Protoss 

Build Orders: Nexus First 

Get SALT Encoding   

  12  0:01  Probe  
  13  0:13  Probe  
  14  0:43  Nexus  
  14  0:53  Pylon  
  14  1:11  Probe (Chrono Boost), Gateway  
  15  1:21  Probe (Chrono Boost)  
  16  1:28  Probe  
  17  1:40  Probe, Pylon  
  17  1:43  Assimilator  
  17  1:44  Assimilator  
  18  1:52  Probe (Chrono Boost)  
  19  1:56  Probe (Chrono Boost)  
  20  2:03  Cybernetics Core  
  20  2:04  Probe (Chrono Boost)  
  20  2:07  Probe (Chrono Boost)  
  22  2:11  Probe (Chrono Boost)  
  22  2:14  Probe  
  24  2:23  Probe (Chrono Boost)  
  24  2:26  Probe (Chrono Boost)  
  26  2:35  Probe (Chrono Boost)  
  28  2:37  Probe (Chrono Boost)  
  28  2:41  Probe (Chrono Boost), Adept, Warp Gate  
  28  2:43  Probe (Chrono Boost)  
  32  2:51  Pylon  
  32  2:53  Mothership Core (Chrono Boost)  
  35  2:59  Probe (Chrono Boost)  
  35  3:08  Sentry, Probe (Chrono Boost)  
  35  3:12  Probe (Chrono Boost)  
  39  3:15  Probe (Chrono Boost)  
  39  3:16  Assimilator  
  39  3:19  Probe  
  41  3:21  Assimilator  
  41  3:25  Probe (Chrono Boost)  
  42  3:27  Pylon  
  42  3:31  Probe (Chrono Boost)  
  43  3:37  Probe (Chrono Boost)  
  45  3:42  Probe (Chrono Boost)  
  45  3:46  Probe (Chrono Boost), Stargate  
  46  3:48  Probe (Chrono Boost)  
  46  3:53  Stargate  
  48  3:58  Probe x2 (Chrono Boost)  
  48  4:01  Forge  
  49  4:05  Probe  
  49  4:06  Probe  
  51  4:18  Probe x2  
  53  4:30  Probe, Oracle (Chrono Boost)  
  53  4:31  Probe  
  58  4:32  Pylon  
  58  4:37  Pylon, Oracle (Chrono Boost)  
  59  4:40  Photon Cannon  
  59  4:46  Fleet Beacon  
  59  4:48  Pylon  
  59  4:57  Protoss Shields Level 1  
  59  5:02  Gateway x2  
  59  5:09  Pylon  
  57  5:16  Gateway, Pylon  
  57  5:20  Carrier (Chrono Boost)  
  57  5:28  Sentry  
  65  5:51  Twilight Council, Carrier (Chrono Boost)  
  65  6:01  Nexus  
  65  6:03  Pylon  
  65  6:06  Pylon  
  65  6:07  Pylon  
  65  6:09  Assimilator  
  71  6:13  Assimilator  
  71  6:20  Carrier (Chrono Boost)  
  70  6:34  Pylon  
  70  6:36  Dark Shrine  
  76  6:49  Probe x2 (Chrono Boost)  
  76  6:53  Pylon  
  78  6:54  Pylon  
  78  6:55  Carrier (Chrono Boost)  
  78  6:59  Probe x2 (Chrono Boost)  
  78  7:00  Nexus  
  80  7:03  Pylon  
  80  7:05  Pylon  
  80  7:06  Probe x2  
  82  7:18  Probe x2  
  82  7:22  Nexus  
  90  7:30  Probe x2  
  92  7:42  Probe (Chrono Boost)  
  94  7:47  Probe (Chrono Boost)  
  94  7:48  Photon Cannon  
  94  7:49  Photon Cannon  
  94  7:53  Probe (Chrono Boost)  
  94  7:57  Probe (Chrono Boost)  
  94  7:58  Dark Templar x2  
  100  8:00  Probe (Chrono Boost), Dark Templar  
  100  8:05  Dark Templar  
  105  8:07  Probe, Carrier (Chrono Boost)  
  104  8:36  Templar Archives  
  104  8:41  Probe (Chrono Boost)  
  104  8:42  Probe (Chrono Boost), Photon Cannon  
  104  8:43  Photon Cannon  
  104  8:44  Photon Cannon  
  104  8:47  Carrier (Chrono Boost)  
  106  8:57  Adept x4  
  114  9:04  Carrier (Chrono Boost)  
  110  9:49  Cybernetics Core  
  103  9:52  Nexus  
  99  10:00  Photon Cannon  
  99  10:03  Photon Cannon  
  95  10:42  Pylon  
  91  10:45  Pylon  
  87  11:10  High Templar x3  
  93  11:13  Cybernetics Core  
  93  11:15  Gateway  
  93  11:22  Protoss Air Weapons Level 1  
  80  11:40  Archon  
  74  11:58  Probe x2 (Chrono Boost)  
  76  12:08  Probe x2 (Chrono Boost)  
  78  12:31  Nexus  
  78  12:50  Dark Templar  
  80  13:07  High Templar x2  
  80  13:10  Carrier x2 (Chrono Boost)  
  84  13:15  High Templar  
  96  13:49  Archon  
  96  13:53  High Templar  
  98  13:56  Probe (Chrono Boost)  
  98  13:57  Probe (Chrono Boost)  
  101  14:02  Probe (Chrono Boost)  
  101  14:06  Probe x2 (Chrono Boost)  
  101  14:07  Archon  
  93  14:10  Probe (Chrono Boost)  
  93  14:13  Probe  
  93  14:14  Probe  
Show
View Real Time Build Order
Export as new Build Order

Cereal Zerg - Winner!

Build Orders: Hatch First 

Get SALT Encoding   

  12  0:07  Drone  
  12  0:08  Drone  
  14  0:37  Hatchery  
  14  0:40  Drone  
  14  0:45  Overlord  
  14  1:05  Drone x3  
  17  1:12  Extractor  
  17  1:16  Spawning Pool  
  15  1:22  Drone  
  16  1:30  Drone  
  17  1:46  Drone  
  18  1:52  Drone x2  
  20  2:02  Queen  
  20  2:03  Queen  
  24  2:18  Drone x4  
  24  2:20  Overlord  
  28  2:25  Metabolic Boost  
  28  2:38  Drone x3  
  28  2:42  Overlord  
  31  2:50  Drone  
  33  2:58  Drone x2  
  33  3:03  Drone  
  35  3:06  Drone  
  35  3:11  Drone  
  37  3:14  Extractor  
  37  3:17  Drone x3  
  37  3:18  Drone x3  
  37  3:19  Drone  
  43  3:21  Overlord  
  43  3:32  Overlord  
  43  3:33  Drone  
  44  3:40  Extractor  
  43  3:41  Extractor  
  43  3:45  Drone x10  
  43  3:47  Lair  
  52  3:54  Zergling x2  
  53  3:58  Overlord  
  53  4:05  Zergling x2  
  54  4:12  Zergling x4  
  54  4:15  Zergling x8  
  60  4:19  Zergling x6  
  60  4:22  Hatchery  
  62  4:28  Overlord  
  60  4:46  Drone  
  60  4:47  Infestation Pit  
  60  4:48  Drone  
  60  4:49  Drone x3  
  64  4:56  Drone  
  64  4:59  Zergling x2  
  66  5:00  Zergling x14  
  66  5:05  Zergling x2  
  66  5:06  Hatchery  
  69  5:18  Spore Crawler  
  67  5:30  Hive, Spore Crawler  
  66  5:41  Pathogen Glands  
  66  5:44  Drone  
  66  5:45  Drone x13  
  66  5:47  Overlord  
  80  5:56  Spore Crawler, Queen  
  81  6:02  Overlord x2  
  81  6:03  Overlord x2  
  81  6:40  Infestor x3  
  81  6:41  Infestor  
  81  6:45  Drone  
  91  6:47  Drone x15, Ultralisk Cavern  
  91  6:52  Hatchery  
  102  6:54  Overlord x2  
  101  7:02  Neural Parasite  
  96  7:18  Infestor x3  
  96  7:19  Infestor x2  
  96  7:21  Zergling x14  
  96  7:22  Zergling x10  
  118  7:24  Drone  
  118  7:25  Extractor  
  118  7:26  Extractor  
  118  7:28  Drone  
  118  7:29  Drone  
  119  7:30  Hatchery  
  119  7:34  Zergling x2  
  119  7:38  Chitinous Plating  
  125  7:51  Ultralisk  
  125  7:53  Zergling x18  
  125  7:54  Zergling x12  
  125  7:55  Overlord  
  140  8:01  Drone x2  
  140  8:02  Drone  
  143  8:06  Overseer  
  143  8:10  Spine Crawler x2  
  143  8:11  Spine Crawler  
  143  8:12  Spine Crawler  
  139  8:14  Spine Crawler, Overseer  
  139  8:15  Spine Crawler  
  139  8:16  Spine Crawler x2  
  139  8:19  Spine Crawler  
  134  8:21  Drone x12  
  145  8:44  Hatchery  
  133  9:27  Ultralisk x3  
  133  9:28  Ultralisk  
  136  9:45  Zergling x22  
  136  9:51  Spire  
  136  9:52  Spire, Infestor  
  140  9:55  Burrow  
  140  9:58  Hatchery  
  141  10:03  Extractor  
  141  10:04  Extractor  
  139  10:12  Infestor x5  
  138  10:24  Evolution Chamber  
  134  10:48  Ultralisk  
  134  10:49  Ultralisk x2  
  150  10:50  Zergling x4  
  150  10:51  Zergling x10  
  150  10:52  Overlord x4  
  119  11:34  Ultralisk  
  119  11:35  Ultralisk x4  
  119  11:36  Zergling x8  
  147  11:49  Corruptor x3  
  147  11:52  Corruptor  
  147  11:53  Corruptor  
  157  11:55  Zergling x2  
  157  11:59  Zerg Melee Weapons Level 1  
  158  12:02  Spine Crawler  
  158  12:03  Evolution Chamber  
  158  12:04  Drone x3, Spine Crawler  
  158  12:05  Drone x5, Spine Crawler  
  158  12:06  Spine Crawler  
  161  12:11  Corruptor x2  
  161  12:12  Hatchery  
  164  12:16  Corruptor  
  164  12:18  Drone  
  164  12:19  Drone x4  
  164  12:20  Drone  
  172  12:26  Corruptor  
  172  12:28  Corruptor  
  176  12:32  Corruptor  
  178  12:43  Corruptor x2  
  182  12:46  Overlord  
  182  12:48  Corruptor  
  182  12:51  Zerg Flyer Weapons Level 1  
  184  12:55  Zerg Flyer Armor Level 1  
  180  13:05  Overseer  
  177  13:14  Corruptor  
  177  13:15  Corruptor x2  
  183  13:28  Spore Crawler  
  183  13:29  Drone x9, Spine Crawler x3  
  183  13:30  Spine Crawler  
  183  13:31  Spine Crawler  
  185  14:04  Hatchery  
  179  14:16  Corruptor  
  175  14:17  Corruptor x9  
Tags
 
Add a new tag
Caveats
  • Supply blocks, unpowered buildings, or Contaminate may cause inaccurate times.
  • Supply counts are checked every 10 seconds.